 Dungeon Crawl Stone Soup version 0.20-a0-848-g73d9be0 (webtiles) character file.

114 krabocopter the Cudgeler (level 4, -2/35 HPs)
             Began as a Demonspawn Gladiator on Mar 9, 2017.
             Slain by Enish's ghost (3 damage)
             ... while paralysed by Grinder
             ... on level 3 of the Dungeon.
             The game lasted 00:06:06 (2456 turns).

krabocopter the Cudgeler (Demonspawn Gladiator)     Turns: 2456, Time: 00:06:06

Health: -2/35      AC:  5    Str: 15    XL:     4   Next: 66%
Magic:  4/4        EV:  2    Int: 11    God:
Gold:   140        SH:  0    Dex: 15    Spells: 3/3 levels left

rFire    . . .     SeeInvis +   h - +0 mace
rCold    . . .     Gourm    .   b - +0 leather armour
rNeg     . . .     Faith    .   (no shield)
rPois    .         Spirit   .   (helmet restricted)
rElec    .         Reflect  .   (no cloak)
rCorr    .         Harm     .   (no gloves)
MR       .....                  (no boots)
Stlth    +.........             (no amulet)
Regen    0.2/turn               l - ring of see invisible
MPRegen  0.1/turn               i - +2 ring of intelligence

@: paralysed
A: antennae 1, yellow scales 1
a: no special abilities


You were on level 3 of the Dungeon.
You were not hungry.

You visited 1 branch of the dungeon, and saw 3 of its levels.

You collected 140 gold pieces.

Inventory:

Hand Weapons
 a - a +0 flail
 h - a +0 mace (weapon)
Missiles
 d - 3 throwing nets (quivered)
Armour
 b - a +0 leather armour (worn)
 j - a +0 shield
Jewellery
 i - a +2 ring of intelligence (left hand)
 l - a ring of see invisible (right hand)
Scrolls
 e - 2 scrolls of teleportation
 g - 2 scrolls of identify
 m - 2 scrolls of remove curse
 n - a scroll of immolation {unknown}
 o - a scroll of recharging {unknown}
 p - a scroll of magic mapping
 q - a scroll of enchant armour {unknown}
Potions
 k - a potion of heal wounds {unknown}
 r - a potion of mutation {unknown}
Comestibles
 c - 2 royal jellies
 f - 2 bread rations
 s - 3 chunks of flesh


   Skills:
 + Level 3.2 Fighting
 * Level 4.3 Maces & Flails
 - Level 1.7 Throwing
 - Level 2.6 Dodging


You had 3 spell levels left.
You didn't know any spells.

Dungeon Overview and Level Annotations

Branches:
Dungeon (3/15)

Altars:
Sif Muna
Yredelemnul
Zin

Annotations:
D:3 1 runed door, Enish's ghost, weakling HOFi; Grinder


Innate Abilities, Weirdness & Mutations

You have a pair of small antennae on your head.
You are partially covered in yellow scales. (AC +2)


Message History

Enish's ghost turns its malevolent gaze towards you.
You see here a stone.
A worm comes into view.
Found a stone staircase leading down.
The worm bites you.
You take 6 damage, and have 23/35 hp.
Grinder barely misses you. Grinder gestures at you.
You suddenly lose the ability to move!
Grinder hits you.
You writhe in agony.
Enish's ghost hits you but does no damage.
Grinder gestures at you. Pain shoots through your body!
* * * LOW HITPOINT WARNING * * *
Enish's ghost hits you.
* * * LOW HITPOINT WARNING * * *
Grinder gestures at you.
You shrug off the repeated paralysis!
The worm completely misses you. Enish's ghost hits you.
You die...

###################
#.................######
......).........@.......
#.#...........#wW5######
#.......##.# #...#
###.###.##. #...#
.>....# ##. #...#
###..## #.. #...# .....#
#..# #...######## ...#.#
.#..# #[..........
.....#
.#..####..#########


You could see Grinder, a worm and Enish's ghost.

Vanquished Creatures
  Ijyb (D:3)
  3 adders (D:2)
  A worm (D:3)
  2 dart slugs (D:1)
  4 orcs (D:3)
  3 giant cockroaches
  8 goblins
  4 hobgoblins
  4 jackals (D:2)
  A quokka (D:3)
  6 bats
  3 frilled lizards
  4 kobolds
  2 rats (D:3)
46 creatures vanquished.

Notes
Turn   | Place    | Note
-------+----------+-------------------------------------------
     0 | D:1      | krabocopter the Demonspawn Gladiator began the quest for the Orb.
     0 | D:1      | Reached XP level 1. HP: 16/16 MP: 1/1
    87 | D:1      | Reached skill level 3 in Maces & Flails
   136 | D:1      | Gained mutation: You have a pair of small antennae on your head. [demonic ancestry]
   136 | D:1      | Reached XP level 2. HP: 22/22 MP: 2/2
   673 | D:2      | Gained mutation: You are partially covered in yellow scales. (AC +2) [demonic ancestry]
   673 | D:2      | Reached XP level 3. HP: 26/28 MP: 3/3
  1014 | D:2      | Found a basalt altar of Yredelemnul.
  1342 | D:2      | Found a deep blue altar of Sif Muna.
  1685 | D:3      | Reached XP level 4. HP: 35/35 MP: 4/4
  1712 | D:3      | Found a runed door.
  1712 | D:3      | Found a glowing silver altar of Zin.
  1712 | D:3      | Noticed an angel
  1735 | D:3      | Reached skill level 4 in Maces & Flails
  1739 | D:3      | Noticed Grinder
  1748 | D:3      | Noticed Enish's ghost (weakling HOFi)
  2197 | D:3      | Noticed Ijyb
  2219 | D:3      | Killed Ijyb
  2452 | D:3      | Paralysed by Grinder for 7 turns
  2455 | D:3      | HP: 1/35 [Enish's ghost (5)]
  2456 | D:3      | Slain by Enish's ghost

Vault maps used:
D:1:      lemuel_arrival_lava_pool
D:2:      lemuel_round_altar, nicolae_overflow_crystal_walls
D:3:      lemuel_round_altar, lemuel_angel_altar, uniq_grinder, uniq_iyjb

Skill      XL: |  1  2  3  4 |
---------------+-------------+-----
Maces & Flails | 3 4 |  4.3
Fighting       | 3 |  3.2
Throwing       | |  1.7
Dodging        | |  2.6

Action                   |  1- 3 |  4- 6 || total
-------------------------+-------+-------++-------
Melee: Flail             |    80 |       ||    80
       Mace              |    57 |    50 ||   107
  Use: Scroll            |     3 |     2 ||     5
 Stab: Sleeping          |     1 |       ||     1
  Eat: Chunk             |     3 |     2 ||     5
Armor: Leather armour    |    65 |    16 ||    81
Dodge: Dodged            |   125 |    37 ||   162
